 Dungeon Crawl Stone Soup version 0.32-a0-612-g1c984fe9d1 (webtiles) character file.

Game seed: 10221994718402610369

46 javelincjr the Grasshopper (level 3, 0/28 HPs)
             Began as a Demonspawn Warper on Mar 4, 2024.
             Succumbed to an adder's poison
             ... on level 2 of the Dungeon.
             The game lasted 00:03:06 (1204 turns).

javelincjr the Grasshopper (Demonspawn Warper)      Turns: 1204, Time: 00:03:07

Health: 0/28       AC:  3    Str: 13    XL:     3   Next: 46%
Magic:  6/6        EV: 11    Int: 13    God:
Gold:   69         SH:  0    Dex: 12    Spells: 6/6 levels left

rFire   . . .        a - +0 spear
rCold   . . .        (no shield)
rNeg    . . .        b - +0 leather armour
rPois   .            (helmet restricted)
rElec   .            (no cloak)
rCorr   .            (no gloves)
SInv    .            (no boots)
Will    .....        (no amulet)
Stlth   +            (no ring)
HPRegen 0.24/turn    (no ring)
MPRegen 0.10/turn

%: no passive effects
@: lethally poisoned (0 -> -1)
A: horns 1
a: no special abilities


You were on level 2 of the Dungeon.
You visited 1 branch of the dungeon, and saw 2 of its levels.

You collected 69 gold pieces.

Inventory:

Hand Weapons
 a - a +0 spear (weapon)
 m - a +0 sling
Missiles
 d - 7 darts of dispersal (quivered)
Armour
 b - a +0 leather armour (worn)
 g - a +0 chain mail
Scrolls
 c - 2 scrolls of blinking
 f - a scroll of enchant weapon {unknown}
 h - a scroll of brand weapon {unknown}
 i - a scroll of identify {unknown}
 j - a scroll of teleportation {unknown}
 l - a scroll of immolation {unknown}
 n - a scroll of vulnerability {unknown}
Potions
 o - a potion of heal wounds {unknown}


   Skills:
 * Level 2.6 Fighting
 + Level 2.0 Polearms
 - Level 0.8 Throwing
 + Level 1.4 Armour
 + Level 2.1 Dodging
 + Level 2.2 Spellcasting
 + Level 2.9 Translocations


You had 6 spell levels left.
You didn't know any spells.
Your spell library contained the following spells:

 Spells                   Type           Power      Damage    Failure   Level
 Apportation              Tloc           18%        N/A       10%         1
 Blink                    Tloc           18%        N/A       14%         2
 Lesser Beckoning         Tloc           18%        N/A       14%         2
 Teleport Other           Tloc           9%         N/A       28%         3
 Shock                    Conj/Air       4%         1d3       32%         1
 Jinxbite                 Hex            2%         N/A       43%         2
 Mercury Vapours          Alch/Air       2%         N/A       43%         2
 Mephitic Cloud           Conj/Alch/Air  1%         N/A       67%         3
 Swiftness                Air            1%         N/A       67%         3
 Manifold Assault         Tloc           9%         N/A       67%         4
 Vhi's Electric Charge    Tloc/Air       10%        N/A       86%         4
 Airstrike                Air            0%         2d(1-17)  97%         4
 Alistair's Intoxication  Alch           0%         N/A       100%        5
 Freezing Cloud           Conj/Ice/Air   0%         6-21      100%        5


Dungeon Overview and Level Annotations

Branches:
Dungeon (2/15)

Altars:


Innate Abilities, Weirdness & Mutations

You have a pair of small horns on your head.


Message History

You feel sick. The adder completely misses you.
You closely miss the adder. Your headbutt misses the adder.
The adder is moderately wounded.
You feel sick. The adder closely misses you.
You miss the adder.
The adder is moderately wounded.
You feel sick. The adder bites you.
You are more poisoned.
The adder poisons you!
You closely miss the adder. Your headbutt misses the adder.
The adder is moderately wounded.
You feel sick. The adder closely misses you.
The adder bites you but does no damage.
You closely miss the adder.
The adder is moderately wounded.
You feel sick. The adder bites you but does no damage.
You hit the adder.
The adder is heavily wounded.
You feel sick. The adder bites you.
You miss the adder. Your headbutt misses the adder.
The adder is heavily wounded.
You feel sick. The adder bites you.
* * * LOW HITPOINT WARNING * * *
The adder bites you.
* * * LOW HITPOINT WARNING * * *
You barely miss the adder. Your headbutt misses the adder.
The adder is heavily wounded.
You feel sick. The adder bites you.
* * * LOW HITPOINT WARNING * * *
It was a potion of lignification.
You turn into a tree.
Your +0 leather armour melds into your body.
Your roots penetrate the ground.
* * * LOW HITPOINT WARNING * * *
You feel sick. The adder bites you but does no damage.
It was a potion of cancellation.
Your magical effects are unravelling.
You feel magically purged.
You feel less wooden.
Your +0 leather armour unmelds from your body.
You die...

..## #...# +...+
#...# #+#####...#
+.....#...#
#.....#...#
#....S@...+
#.....#...#
+.....#...#
#+#####...####
#..#...#..#
#..'...'†.# #
#####...#### ## ###.
..........# #.#... ..
#########.###.#.####.


You could see an adder.

Vanquished Creatures
  An adder (D:2)
  4 endoplasms
  2 goblins (D:2)
  2 hobgoblins (D:1)
  4 jackals (D:1)
  3 kobolds
  2 quokkas
  4 ball pythons
  8 bats (D:1)
  A frilled lizard (D:1)
  4 rats
35 creatures vanquished.

Notes
Turn   | Place    | Note
-------+----------+-------------------------------------------
     0 | D:1      | javelincjr the Demonspawn Warper began the quest for the
                  | Orb.
     0 | D:1      | Reached XP level 1. HP: 16/16 MP: 3/3
   163 | D:1      | Reached skill level 1 in Armour
   278 | D:1      | Gained mutation: You have a pair of small horns on your
                  | head. [demonic ancestry]
   278 | D:1      | Reached XP level 2. HP: 22/22 MP: 5/5
   981 | D:2      | Reached XP level 3. HP: 25/28 MP: 6/6
  1202 | D:2      | HP: 1/28 [adder (3)]
  1204 | D:2      | Succumbed to an adder's poison

Illustrated notes

Levels and vault maps discovered:
D:1:      lemuel_arrival_hallway, layout_loops_corners
D:2:      minmay_door_path, layout_basic, serial_glass, glass_columns_a,
          glass_columns_b, glass_columns_a, glass_columns_a, glass_columns_a,
          minmay_snake_closets

Skill      XL: |  1  2 |
---------------+-------+-----
Armour         | 1 |  1.4
Dodging        | 2 |  2.1
Polearms       | 2 |  2.0
Fighting       | |  2.6
Throwing       | |  0.8
Spellcasting   | |  2.2
Translocations | |  2.9

Action                     || total
---------------------------++-------
  Melee: Spear             ||   131
         Headbutt          ||    11
    Use: Potion            ||     2
   Stab: Sleeping          ||     1
 Armour: Leather armour    ||    65
         Skin              ||     1
  Dodge: Dodged            ||    73

Table legend: (Time is in decaauts)
 A = Elapsed time spent in this place.
 B = Non-inter-level travel time spent in this place.
 C = Inter-level travel time spent in this place.
 D = Time resting spent in this place.
 E = Time spent auto-exploring this place.
 F = Levels seen in this place.
 G = Mean time per level.
                   A        B        C        D        E       F      G
               +--------+--------+--------+--------+--------+-----+--------+
         Total |   1204 |   1189 |     15 |      0 |    921 |   2 |  602.0 |
       Dungeon |   1204 |   1189 |     15 |      0 |    921 |   2 |  602.0 |
               +--------+--------+--------+--------+--------+-----+--------+

Top non-repeatable levels by time:
     D:1: 970 daAuts
     D:2: 233 daAuts
